 Dungeon Crawl Stone Soup version 0.28.0-45-g0d030f2227 (webtiles) character file.

Game seed: 7523870099201901909

480 101zpm the Magician (level 7, -15/49 HPs)
             Began as a Djinni Ice Elementalist on Apr 10, 2022.
             Demolished by an ice beast (16 damage)
             ... on level 5 of the Dungeon.
             The game lasted 00:17:35 (7300 turns).

101zpm the Magician (Djinni Ice Elementalist)       Turns: 7300, Time: 00:17:37

Health: -15/49     AC:  2    Str:  7    XL:     7   Next: 34%
Gold:   110        EV: 13    Int: 18    God:
                   SH:  0    Dex: 14

rFire   + + .      SeeInvis .   g - +1 hand axe (flame)
rCold   x . .      Faith    .   (no shield)
rNeg    . . .      Spirit   .   a - +0 robe
rPois   ∞          Reflect  .   (no helmet)
rElec   .          Harm     .   (no cloak)
rCorr   .          Rampage  .   (no gloves)
Will    .....                   (boots unavailable)
Stlth   ++........              (no amulet)
HPRegen 0.16/turn               (no ring)
MPRegen 0.00/turn               (no ring)

@: wereblooded, flying
A: sickness immunity, fire resistance 2, cold vulnerability 1, float, innate
caster, HP casting, extra vitality 1
a: no special abilities


You were on level 5 of the Dungeon.
You visited 2 branches of the dungeon, and saw 6 of its levels.

You collected 110 gold pieces.

Inventory:

Hand Weapons
 g - a +1 hand axe of flaming (weapon)
Missiles
 p - 4 poisoned darts
Armour
 a - a +0 robe (worn)
Jewellery
 i - a +6 ring of strength
Wands
 q - a wand of paralysis (5)
Scrolls
 b - a scroll of enchant armour {unknown}
 c - 4 scrolls of identify {unknown}
 e - 2 scrolls of amnesia {unknown}
 h - a scroll of enchant weapon {unknown}
 k - 2 scrolls of magic mapping {unknown}
 n - a scroll of summoning {unknown}
Potions
 d - a potion of degeneration {unknown}
 f - a potion of curing {unknown}
 j - a potion of berserk rage {unknown}
 l - a potion of lignification {unknown}
 m - a potion of flight {unknown}
 o - a potion of mutation {unknown}
 r - a potion of cancellation {unknown}


   Skills:
 + Level 2.1 Fighting
 + Level 2.7 Axes
 + Level 3.4 Dodging
 + Level 2.5 Stealth
 + Level 1.2 Unarmed Combat
 + Level 4.6 Spellcasting


You couldn't memorise any spells.
You knew the following spells:

 Your Spells              Type           Power      Damage    Failure   Level
a - Freeze                Ice            84%        1d10      1%          1
b - Frozen Ramparts       Ice            42%        1d6       6%          3
c - Ozocubu's Armour      Ice            21%        N/A       6%          3
d - Hailstorm             Conj/Ice       21%        3d6       21%         4
e - Foxfire               Conj/Fire      84%        2x1d8     1%          1
f - Call Imp              Summ           21%        N/A       3%          2
g - Wereblood             Tmut           21%        N/A       3%          2
Your spell library was empty.

Dungeon Overview and Level Annotations

Branches:
Dungeon (5/15)             Temple (1/1) D:4

Altars:
Cheibriados
Elyvilon
Fedhas
Kikubaaqudgha
Makhleb
Nemelex Xobeh
Okawaru
Qazlal
Ru
Trog
Uskayaw
Vehumet
Xom
Yredelemnul
Zin
The Shining One


Innate Abilities, Weirdness & Mutations

You are immune to sickness and miasma.
You are immune to poison.
Your flesh is very heat resistant. (rF++)
You are vulnerable to cold. (rC-)
You float through the air rather than walking.
You learn spells naturally, not from books.
Your magical power is your life essence.
You have superior vitality. (+4 MHP)


Message History

Orders for allies: a - Attack new target. r - Retreat! s - Stop attacking. g - Guard the area. f - Follow me.
Anything else - Cancel.
Follow me!
Unknown command.
Casting: Call Imp (safe; 3% risk of failure)
Confirm with . or Enter, or press ? or * to list all spells.
A beastly little devil appears in a puff of flame.
What are your orders? t - Shout!
Orders for allies: a - Attack new target. r - Retreat! s - Stop attacking. g - Guard the area. f - Follow me.
Anything else - Cancel.
Guard this area!
You swap places.
Your crimson imp blinks!
Casting: Call Imp (safe; 3% risk of failure)
Confirm with . or Enter, or press ? or * to list all spells.
Your blood is infused with primal strength.
Your crimson imp blinks!
You closely miss the ice beast. The ice beast barely misses you.
You hit the ice beast.
You melt the ice beast.
The ice beast is lightly wounded.
The ice beast barely misses you.
You hit the ice beast.
You melt the ice beast.
The ice beast is moderately wounded.
The ice beast closely misses you.
You hit the ice beast.
You melt the ice beast.
The ice beast is heavily wounded.
The ice beast hits you. The ice beast freezes you!!
You feel a terrible chill!
You hit the ice beast.
You melt the ice beast.
The ice beast is severely wounded.
The ice beast hits you. The ice beast freezes you!!
You feel a terrible chill!
* * * LOW HITPOINT WARNING * * *
The ice beast hits you.
* * * LOW HITPOINT WARNING * * *
The ice beast freezes you!
You feel a terrible chill!
You die...

#.............
#.............
#.####.............
###..................
...###.#............
#.....#.##.<.......
#..#.....+.........
#...5....#.........
##.##@##.#.........
......Y..#...........
#.##?....############
.......# #.###.##.# .
#. .# ## ##


You could see an ice beast and a friendly crimson imp (summoned, wandering).

Vanquished Creatures
  A phantom (D:4)
  A centaur skeleton (D:3)
  An iguana (D:4)
  4 adders
  A worm (D:3)
  4 dart slugs
  An orc (D:3)
  7 endoplasms
  A giant cockroach (D:2)
  12 goblins
  4 hobgoblins
  4 jackals (D:1)
  4 quokkas
  14 ball pythons
  6 bats
  2 frilled lizards
  7 kobolds
  5 rats
79 creatures vanquished.

Vanquished Creatures (collateral kills)
  A black bear (D:4)
  A necrophage (D:4)
  A jelly (D:4)
  2 endoplasms (D:4)
  2 goblins (D:4)
  4 jackals (D:4)
  A quokka (D:4)
  A kobold (D:4)
13 creatures vanquished.

Vanquished Creatures (others)
  2 foxfires (D:1)
2 creatures vanquished.

Grand Total: 94 creatures vanquished

Notes
Turn   | Place    | Note
-------+----------+-------------------------------------------
     0 | D:1      | 101zpm the Djinni Ice Elementalist began the quest for the
                  | Orb.
     0 | D:1      | Reached XP level 1. HP: 15/15 MP: 0/0
   481 | D:1      | Reached XP level 2. HP: 16/21 MP: 0/0
  1060 | D:1      | Reached XP level 3. HP: 21/25 MP: 0/0
  1060 | D:1      | Learned a level 1 spell: Foxfire
  1277 | D:1      | Reached skill level 1 in Unarmed Combat
  1685 | D:2      | Found a faded altar of an unknown god.
  2062 | D:2      | Reached XP level 4. HP: 14/31 MP: 0/0
  2334 | D:2      | Reached skill level 4 in Spellcasting
  2825 | D:2      | Reached skill level 1 in Fighting
  3124 | D:3      | Found a glowing golden altar of the Shining One.
  3714 | D:3      | Reached skill level 1 in Axes
  3714 | D:3      | Reached XP level 5. HP: 26/37 MP: 0/0
  3714 | D:3      | Learned a level 2 spell: Call Imp
  3933 | D:3      | Found a sparkling altar of Nemelex Xobeh.
  4496 | D:4      | Noticed a necrophage
  4514 | D:4      | Found an iron altar of Okawaru.
  4518 | D:4      | Killed a necrophage
  4519 | D:4      | Reached XP level 6. HP: 37/43 MP: 0/0
  5089 | D:4      | Noticed a black bear
  5241 | D:4      | Found a staircase to the Ecumenical Temple.
  5281 | Temple   | Entered the Ecumenical Temple
  6358 | D:4      | Killed a black bear
  6359 | D:4      | Reached XP level 7. HP: 6/49 MP: 0/0
  6359 | D:4      | Learned a level 2 spell: Wereblood
  6664 | D:4      | Found a burning altar of Makhleb.
  6713 | D:4      | Found a blossoming altar of Fedhas.
  6920 | D:4      | Found a white marble altar of Elyvilon.
  7276 | D:5      | Entered Level 5 of the Dungeon
  7300 | D:5      | HP: 1/49 [ice beast (3)]
  7300 | D:5      | Demolished by an ice beast

Illustrated notes

Levels and vault maps discovered:
D:1:      enne_arrival_octagon_isle, layout_basic, minivault_27,
          minmay_indecisive_spiral
D:2:      layout_basic, hellmonk_ecumenical_altar_pennies_from_heaven,
          serial_aquarium, aquarium_bridge_square [aquarium_subvault_bridge,
          aquarium_subvault_wall, aquarium_subvault_wall,
          aquarium_subvault_bridge], aquarium_window_fake, aquarium_window_fake,
          aquarium_view_2c, aquarium_balcony_1b, aquarium_pool_corner,
          basic_altar
D:3:      layout_basic, mainiacjoe_overflow_cross_hatched,
          nemelex_diamond_rough_becter, minmay_misc_feat_diagonals
D:4:      layout_loops_ring, lemuel_tele_altar, bloody_makhleb,
          kennysheep_okawaru_gauntlet, mainiacjoe_overflow_alcove_1,
          temple_fountains, grunt_ministairs_6
D:5:      layout_basic, mainiacjoe_overflow_six_doors_small,
          mainiacjoe_overflow_boulevard, mainiacjoe_overflow_alcove_4,
          serial_shops, shop
Temple:   dpeg_chambers_temple

Skill      XL: |  1  2  3  4  5  6 |
---------------+-------------------+-----
Unarmed Combat | 1 |  1.2
Spellcasting   | 4 |  4.6
Fighting       | 1 2 |  2.1
Axes           | 1 2 |  2.7
Stealth        | 2 |  2.5
Dodging        | 3 |  3.4

Action                   |  1- 3 |  4- 6 |  7- 9 || total
-------------------------+-------+-------+-------++-------
Melee: Unarmed           |    21 |       |       ||    21
       Hand axe          |    29 |    96 |    34 ||   159
       Punch             |       |     3 |     1 ||     4
 Cast: Freeze            |    32 |    11 |       ||    43
       Foxfire           |     1 |       |       ||     1
       Call Imp          |       |    18 |     2 ||    20
       Ozocubu's Armour  |       |     1 |       ||     1
       Wereblood         |       |       |     1 ||     1
 Stab: Sleeping          |     1 |     2 |       ||     3
Armor: Robe              |    15 |    18 |     4 ||    37
Dodge: Dodged            |    64 |    78 |    27 ||   169
